 Dungeon Crawl Stone Soup version 0.17-a0-1939-ga475588 (webtiles) character file.

667 Sixotanaka the Firebug (level 7, -4/41 HPs)
             Began as an Octopode Fire Elementalist on Sept 21, 2015.
             Slain by Eustachio
             ... wielding a +0 rapier
              (9 damage)
             ... on level 5 of the Dungeon on Sept 29, 2015.
             The game lasted 00:19:40 (4824 turns).

Sixotanaka the Firebug (Octopode Fire Elementalist) Turns: 4824, Time: 00:19:40

Health: -4/41      AC:  1    Str:  7      XL:     7   Next: 57%
Magic:  10/10      EV: 12    Int: 21      God:
Gold:   200        SH:  0    Dex: 14 (16) Spells: 3 memorised, 2 levels left

rFire  . . .     SeeInvis +     k - +1 dagger
rCold  . . .     Clarity  .     (no shield)
rNeg   . . .     SustAt   .     (helmet restricted)
rPois  .         Gourm    .     (no amulet)
rElec  .         Spirit   .     s - +3 ring of dexterity
rCorr  .         Warding  .     t - ring of see invisible
rMut   .         Stasis   .     (no ring)
MR     .....                    (no ring)
Stlth  +++.......               (no ring)
                                (no ring)
                                (no ring)
                                (no ring)

@: very slightly contaminated, invisible, not resistant to hostile enchantments,
fairly stealthy
A: almost no armour, amphibious, 8 rings, constrict 8, camouflage 1, see
invisible, clever 1, gelatinous body 1
a: no special abilities


You were on level 5 of the Dungeon.
You were not hungry.

You visited 1 branch of the dungeon, and saw 5 of its levels.

You collected 200 gold pieces.


Innate Abilities, Weirdness & Mutations

You cannot wear most types of armour.
You are amphibious.
You can wear up to eight rings at the same time.
You can use your tentacles to constrict eight enemies at once.
Your skin changes colour to match your surroundings (Stealth).
Your rubbery body absorbs attacks (AC +1).
You have supernaturally acute eyesight.
Your mind is acute. (Int +2)


   Skills:
 - Level 2.0 Dodging
 - Level 2.6 Stealth
 - Level 2.0 Spellcasting
 - Level 5.0 Conjurations
 + Level 6.9 Fire Magic


You had 2 spell levels left.
You knew the following spells:

 Your Spells              Type           Power        Failure   Level  Hunger
x - Sticky Flame          Conj/Fire      ####....     17%         4    #####..
y - Conjure Flame         Conj/Fire      ####....     4%          3    ###....
z - Flame Tongue          Conj/Fire      ####.        1%          1    #......


Dungeon Overview and Level Annotations

Branches:
Dungeon (5/15)
 Temple: D:4-7

Altars:
Okawaru
Qazlal

Annotations:
D:3 exclusions: 2 gnolls and 2 more exclusions
D:5 Edmund, Eustachio

Inventory:

Hand weapons
 j - a +0 hunting sling
 k - a +1 dagger (weapon)
 m - a +0 blowgun
Missiles
 d - 284 stones (quivered)
 n - 15 poisoned needles
 p - 3 curare-tipped needles
Armour
 z - a +0 pair of gloves
Jewellery
 s - a +3 ring of dexterity (left tentacle)
 t - a ring of see invisible (right tentacle)
 y - an uncursed ring of teleportation
Magical devices
 w - a wand of random effects (7)
Scrolls
 e - 3 scrolls of remove curse {@r2}
 g - a scroll of blinking
 o - 2 scrolls of amnesia
 r - a scroll of teleportation {@r4}
 v - 2 scrolls of immolation {!r}
 x - 2 scrolls of random uselessness {unknown}
Potions
 c - a potion of ambrosia {!q}
 h - a potion of might
 q - a potion of heal wounds {@q2}
Books
 a - a book of Flames
Comestibles
 b - 2 bread rations
 f - 4 meat rations
 l - a chunk of flesh
 u - 2 beef jerkies

#.##.#.#.#
#.#....#.# #.# .#
#.#..###.###.####.##
#.........##.......
#######...##.#.#.#
#........(.#
####..@....#
#...5@5.# #....@..#
#.......# #.......#
#.......# #.......#
#.......# #.......#
#########


You could see Edmund, Eustachio (wandering), a quasit and an ufetubus.


Message History

Aiming: Flame Tongue
Aim: an adder (severely wounded, poisoned)
The flame tongue hits the adder.
You kill the adder!
Wield which item (- for none, * to show all)? (? for menu, Esc to quit)
j - a +0 hunting sling (weapon)
You start resting.
You see here an adder corpse.
You butcher the adder corpse.
l - a chunk of flesh
n - 14 poisoned needles (gained 1)
The alarm trap emits a blaring wail!
A sentinel's mark forms upon you.
You hear a shout!
n - 15 poisoned needles (gained 1)
You start waiting.
Eustachio the Magnificent comes into view.
He is wielding a rapier.
Aim: Eustachio, wielding a rapier and wearing a leather armour You shoot a stone.
The stone barely misses Eustachio.
Eustachio drinks a potion.
Eustachio seems to speed up.
Eustachio gestures wildly while chanting.
Eustachio blinks!
You see here a pair of gloves.
z - a pair of gloves Eustachio mumbles some strange words.
Edmund the Younger comes into view.
He is wielding a flail of protection.
The quasit barely misses you. The quasit claws you.
You feel clumsy. The quasit closely misses you.
Eustachio hits you with a rapier! The quasit bites you.
You feel clumsy.
The quasit claws you but does no damage.
The quasit claws you.
There is a stone staircase leading down here.
Unknown command.
You can't go up here!
Unknown command.
Drink which item? (? for menu, Esc to quit)
You fade into invisibility!
Eustachio hits you with a rapier. The ufetubus closely misses you.
The ufetubus hits you. The quasit closely misses you. The quasit misses you.
The quasit closely misses you.
You are very lightly contaminated with residual magic.
Really attack while wielding your +0 hunting sling? [Y]es or [N]o only, please.
Really attack while wielding your +0 hunting sling?
Okay, then.
Unknown command.
Wield which item (- for none, * to show all)? (? for menu, Esc to quit)
k - a +1 dagger (weapon)
Eustachio barely misses you. The ufetubus hits you. The ufetubus hits you.
* * * LOW HITPOINT WARNING * * *
You hit Eustachio. You grab Eustachio. Your squeeze misses Eustachio.
You constrict Eustachio. The quasit closely misses you.
The quasit barely misses you. The quasit closely misses you.
Eustachio closely misses you. The ufetubus closely misses you.
The ufetubus misses you. The quasit misses you. The quasit claws you.
* * * LOW HITPOINT WARNING * * *
The quasit closely misses you.
You hit Eustachio.
The sentinel's mark upon you fades away.
You constrict Eustachio, but do no damage.
Eustachio hits you with a rapier!
* * * LOW HITPOINT WARNING * * *
The ufetubus completely misses you. The ufetubus misses you.
The quasit closely misses you. x2
The quasit misses you. The ufetubus barely misses you. The ufetubus hits you.
* * * LOW HITPOINT WARNING * * *
Eustachio hits you with a rapier!
You die...

Action                   |  1- 3 |  4- 6 |  7- 9 || total
-------------------------+-------+-------+-------++-------
Melee: Unarmed           |     1 |       |       ||     1
       Dagger            |     8 |    12 |     7 ||    27
 Fire: Blowgun           |       |     6 |    15 ||    21
       Hunting sling     |       |     4 |     8 ||    12
 Cast: Flame Tongue      |    62 |    78 |    26 ||   166
       Conjure Flame     |       |     1 |     5 ||     6
  Use: Potion            |       |     8 |     1 ||     9
       Scroll            |       |    11 |       ||    11
 Stab: Sleeping          |     1 |     7 |     1 ||     9
  Eat: Chunk             |     1 |     8 |     4 ||    13
       Pizza             |     1 |       |       ||     1

Vault maps used:
D:1:      evilmike_arrival_crescent
D:2:      okawaru_trees_2, uniq_natasha
D:4:      first_bread, grunt_qazlal_sundering, uniq_sigmund
D:5:      nicolae_tso_carved_into_rock, minmay_temple_entry_large_hall,
          hangedman_abyss_or_decor_stabs, minmay_misc_feat_tiny, uniq_edmund,
          uniq_eustachio, uniq_crazy_yiuf_cottage

Notes
Turn   | Place    | Note
--------------------------------------------------------------
     0 | D:1      | Sixotanaka the Octopode Fire Elementalist began the quest for the Orb.
     0 | D:1      | Reached XP level 1. HP: 11/11 MP: 3/3
   280 | D:1      | Reached skill level 2 in Conjurations
   280 | D:1      | Reached XP level 2. HP: 17/17 MP: 0/5
   952 | D:2      | Reached XP level 3. HP: 19/21 MP: 3/6
  1051 | D:2      | Learned a level 3 spell: Conjure Flame
  1156 | D:2      | Reached skill level 3 in Conjurations
  1614 | D:2      | Found an iron altar of Okawaru.
  1619 | D:2      | Reached XP level 4. HP: 25/27 MP: 7/7
  1733 | D:2      | Noticed Natasha
  1743 | D:2      | HP: 6/27 [Natasha (6)]
  1748 | D:2      | HP: 4/27 [Natasha (6)]
  1749 | D:2      | Killed Natasha
  1749 | D:2      | Reached skill level 4 in Conjurations
  1969 | D:2      | Noticed Natasha
  1983 | D:2      | Killed Natasha
  2476 | D:2      | Reached XP level 5. HP: 29/31 MP: 4/8
  2787 | D:3      | Gained mutation: You have supernaturally acute eyesight. [potion of beneficial mutation]
  2788 | D:3      | HP: 7/31 [poisoned by an adder]
  2792 | D:3      | HP: 3/31 [worm (1)]
  2795 | D:3      | Gained mutation: Your mind is acute. (Int +2) [potion of beneficial mutation]
  2796 | D:3      | HP: 1/31 [poisoned by an adder]
  2898 | D:3      | Reached skill level 5 in Conjurations
  2955 | D:3      | Upgraded the game from 0.17-a0-1882-g750edc8 to 0.17-a0-1922-g2f426ad
  3025 | D:3      | Learned a level 4 spell: Sticky Flame
  3694 | D:4      | Found a stormy altar of Qazlal.
  3744 | D:4      | Noticed an ogre
  3772 | D:4      | Killed an ogre
  3772 | D:4      | Reached skill level 4 in Fire Magic
  3772 | D:4      | Reached XP level 6. HP: 36/36 MP: 5/9
  3825 | D:4      | Noticed Sigmund
  3832 | D:4      | Killed Sigmund
  3832 | D:4      | Reached skill level 5 in Fire Magic
  3832 | D:4      | Reached XP level 7. HP: 41/41 MP: 6/10
  3838 | D:4      | Reached skill level 6 in Fire Magic
  3883 | D:4      | Upgraded the game from 0.17-a0-1922-g2f426ad to 0.17-a0-1939-ga475588
  4656 | D:5      | Entered Level 5 of the Dungeon
  4812 | D:5      | Noticed Eustachio
  4818 | D:5      | Noticed Edmund
  4824 | D:5      | HP: 8/41 [Eustachio/rapier (7)]
  4824 | D:5      | Slain by Eustachio

Vanquished Creatures
  Sigmund (D:4)
  An ogre (D:4)
  A phantom (D:5)
  A hound (D:4)
  Natasha (twice) (D:2)
  2 worker ants (D:4)
  2 hound skeletons (D:4)
  4 gnolls (D:4)
  7 adders
  5 worms
  An adder skeleton (D:4)
  4 giant geckos
  5 orcs
  2 ball pythons
  5 hobgoblins
  2 jackals (D:3)
  8 kobolds
  A quokka (D:3)
  12 bats
  3 giant cockroaches
  6 giant newts
  15 goblins
  2 rats
92 creatures vanquished.
